 Dungeon Crawl Stone Soup version 0.23.0 (webtiles) character file.

Game seed: 12291740832338597514

371 poirepourri the Chopper (level 6, -7/55 HPs)
             Began as a Deep Dwarf Fighter on Feb 14, 2019.
             Mangled by a gnoll
             ... wielding a +2 whip of electrocution
              (14 damage)
             ... on level 4 of the Dungeon.
             The game lasted 00:02:39 (2535 turns).

poirepourri the Chopper (Deep Dwarf Fighter)        Turns: 2535, Time: 00:02:39

Health: -7/55      AC:  8    Str: 19    XL:     6   Next: 42%
Magic:  4/4        EV:  7    Int:  9    God:
Gold:   138        SH: 11    Dex: 14    Spells: 5/5 levels left

rFire    . . .     SeeInvis .   a - +0 war axe
rCold    . . .     Gourm    .   c - +2 shield
rNeg     . . .     Faith    .   b - +0 scale mail
rPois    .         Spirit   .   (no helmet)
rElec    .         Reflect  .   (no cloak)
rCorr    .         Harm     .   j - +0 pair of gloves
MR       .....                  (no boots)
Stlth    ..........             (no amulet)
HPRegen  0.00/turn              n - ring of flight
MPRegen  0.09/turn              (no ring)

@: non-regenerating
A: damage resistance, heal wounds, sense surroundings 1, no regeneration
a: Heal Wounds, Evoke Flight


You were on level 4 of the Dungeon.
You were not hungry.

You visited 1 branch of the dungeon, and saw 4 of its levels.

You collected 138 gold pieces.

Inventory:

Hand Weapons
 a - a +0 war axe (weapon)
Missiles
 e - 11 bolts
Armour
 b - a +0 scale mail (worn)
 c - a +2 shield (worn)
 j - a +0 pair of gloves (worn)
Jewellery
 n - a ring of flight (left hand)
Wands
 k - a wand of flame (15)
Scrolls
 d - a scroll of teleportation
 g - 3 scrolls of remove curse
Potions
 h - a potion of curing {unknown}
 i - a potion of ambrosia
 l - a potion of might
Comestibles
 f - 5 rations


   Skills:
 - Level 2.6 Fighting
 + Level 7.6 Axes
 - Level 3.2 Armour
 - Level 3.2 Shields


You had 5 spell levels left.
You didn't know any spells.
Your spell library contained the following spells:

 Spells                   Type           Power        Failure   Level  Hunger
 Corona                   Hex            #......      99%         1    ##.....
 Ensorcelled Hibernation  Hex/Ice        #.....       100%        2    ###....
 Confuse                  Hex            #.......     100%        3    ####...
 Dazzling Spray           Conj/Hex       #.....       100%        3    ####...
 Tukima's Dance           Hex            #.......     100%        3    ####...


Dungeon Overview and Level Annotations

Branches:
Dungeon (4/15)
 Temple: D:4-7

Altars:
Ashenzari


Innate Abilities, Weirdness & Mutations

You are resistant to damage.
You can heal yourself by infusing magical energy.
You passively map a small area around you.
You do not regenerate.


Message History

You block the hound's attack.
You closely miss the hound. You block the hound's attack.
A gnoll comes into view. It is wielding a -3 whip.
You closely miss the hound. You block the hound's attack.
The hound closely misses you.
You hit the hound but do no damage. You block the hound's attack.
The hound bites you.
You hit the hound.
The hound is heavily wounded.
The hound bites you but does no damage. You block the hound's attack.
You slash the hound!
You kill the hound!
You slice the gnoll!!
You kill the gnoll!
You closely miss the gnoll.
The gnoll hits you with a +2 whip of electrocution.
You are electrocuted!
* * * LOW HITPOINT WARNING * * *
The gnoll hits you but does no damage.
You are electrocuted!
You die...

, , ** .........#
#.........# . #+
#.........###. ...
#............. ....
#.........# #. ,.....*
##.........# #. ,
......####..........###.
,
.....gg@.........†......
,
......####..............
* .....* ##.###.###.###.
.... ### #.# #.# #. *
...* #.# #.# #. #+* #.#
#.# #. * *#.# #.# ## ,
..# #.#### * , * .##
#.....


You could see 2 gnolls.

Vanquished Creatures
  An ogre (D:4)
  2 hounds (D:4)
  A centaur skeleton (D:4)
  Natasha (thrice) (D:2)
  A gnoll (D:4)
  2 adders
  An ooze (D:3)
  2 worms
  A dart slug (D:1)
  4 leopard geckos
  4 orcs (D:3)
  2 ball pythons
  11 bats
  7 giant cockroaches
  11 goblins
  8 hobgoblins
  3 jackals (D:2)
  9 kobolds
  2 quokkas (D:2)
  2 frilled lizards
  5 rats
82 creatures vanquished.

Notes
Turn   | Place    | Note
-------+----------+-------------------------------------------
     0 | D:1      | poirepourri the Deep Dwarf Fighter began the quest for the
                  | Orb.
     0 | D:1      | Reached XP level 1. HP: 20/20 MP: 1/1
    35 | D:1      | Reached skill level 3 in Axes
    35 | D:1      | Reached XP level 2. HP: 22/27 MP: 2/2
   264 | D:1      | Reached XP level 3. HP: 26/33 MP: 3/3
   266 | D:1      | Reached skill level 4 in Axes
   905 | D:2      | Noticed Natasha
   921 | D:2      | Killed Natasha
   921 | D:2      | Reached skill level 5 in Axes
   921 | D:2      | Reached XP level 4. HP: 17/40 MP: 3/3
  1160 | D:2      | Noticed Natasha
  1166 | D:2      | Killed Natasha
  1249 | D:2      | Noticed Natasha
  1254 | D:2      | Killed Natasha
  1254 | D:2      | Reached XP level 5. HP: 28/46 MP: 4/4
  1524 | D:3      | Reached skill level 6 in Axes
  1730 | D:3      | Found a shattered altar of Ashenzari.
  1754 | D:3      | Found a faded altar of an unknown god.
  2165 | D:4      | Noticed an ogre
  2179 | D:4      | Killed an ogre
  2179 | D:4      | Reached skill level 7 in Axes
  2179 | D:4      | Reached XP level 6. HP: 47/55 MP: 4/4
  2535 | D:4      | Mangled by a gnoll

Skill      XL: |  1  2  3  4  5 |
---------------+----------------+-----
Axes           | 3 5 7 |  7.6
Fighting       | |  2.6
Armour         | |  3.2
Shields        | |  3.2

Action                   |  1- 3 |  4- 6 || total
-------------------------+-------+-------++-------
Melee: War axe           |   128 |   157 ||   285
 Abil: Heal Wounds       |     1 |     2 ||     3
  Use: Scroll            |     5 |     6 ||    11
       Potion            |     1 |     3 ||     4
  Eat: Chunk             |       |     1 ||     1
       Ration            |       |     2 ||     2
Armor: Scale mail        |    67 |    82 ||   149
       Skin              |       |     2 ||     2
Dodge: Dodged            |    50 |    48 ||    98
Block: Shield            |    61 |    93 ||   154
